cohdb
Replays
Latest Replays
All Replays
Popular Replays
Top Player Replays
Match Explorer
How It Works
Community
CoH3 Stats
Reddit
Sign in to upload your games and track your stats! →
Sign in with Steam
Match 44014276
Unlisted
Match 44014276
Overview
Messages
Build Orders
End
Selects Special Operations Battlegroup
Selects M29 Weasel Recon Vehicle
M29 Weasel Recon Vehicle
Construct Barracks
Riflemen Squad
Riflemen Squad
Mechanized Support Center
Grenade Package
Riflemen Squad
Riflemen Squad
M1918 Browning Automatic Rifles
Riflemen Squad
Construct Tank Depot
Toejamkid
SturmGoon
Birbinator
EGIPOP
iceman
Fenryx
Funky88
Zord Acciano
0
0
Comments
sign in to comment!
No comments posted yet!